AoeStats
← joanetfv98

Arabia

510282860Analyzed
1v1 RM · 1d ago on Sep 30, 2026· 40m 38s· 2 players
Game mode
Random Map
Map size
Tiny (2 player)
Population
200
Speed
Normal
Resources
Standard
Victory
Conquest
Starting age
Dark Age
Ending age
Imperial Age
RankedLock teamsTeams togetherTeam positionsShared explorationLock speedFull tech treeHidden civsTurbo modeCheats
Victory
Defeat
🇪🇸 Vietnamese · Spain
642
+20
🇪🇸 Franks · Spain
688
-18
joanetfv98
3:53 Loom
11:14 Feudal Age
11:56 Double-Bit Axe
13:03 Horse Collar
15:39 Gold Mining
18:28 Forging
19:46 Wheelbarrow
19:17 Scale Mail Armor
23:39 Castle Age
23:25 Padded Archer Armor
23:46 Stone Mining
24:44 Bow Saw
24:44 Squires
25:38 Fletching
27:51 Thumb Ring
28:06 Crossbowman
30:03 Bodkin Arrow
30:48 Pikeman
33:53 Ballistics
isostatismo
7:17 Loom
10:04 Feudal Age
11:21 Wheelbarrow
10:33 Double-Bit Axe
16:34 Man-at-Arms
23:08 Castle Age
21:41 Scale Mail Armor
21:46 Scale Barding Armor
29:29 Hand Cart
34:40 Chain Barding Armor
34:30 Forging
34:36 Chain Mail Armor
34:44 Gold Mining
36:06 Long Swordsman
36:47 Stone Mining
37:32 Gold Shaft Mining
Connection lost

Rejoining the realm…

Still unreachable

The connection could not be restored.

Session expired

The server has moved on; the page needs a fresh start.